 Dungeon Crawl Stone Soup version 0.21.1-1-g345015f (webtiles) character file.

62 Mirai the Chopper (level 3, -3/29 HPs)
             Began as a Demonspawn Berserker on Mar 2, 2018.
             Was a Believer of Trog.
             Slain by Sigmund
             ... wielding a cursed +0 scythe
              (5 damage)
             ... on level 2 of the Dungeon.
             The game lasted 00:02:45 (905 turns).

Mirai the Chopper (Demonspawn Berserker)             Turns: 905, Time: 00:02:46

Health: -3/29      AC:  6    Str: 18    XL:     3   Next: 85%
Magic:  3/3        EV: 12    Int:  8    God:    Trog [**....]
Gold:   53         SH:  0    Dex: 12    Spells: 2/2 levels left

rFire    + . .     SeeInvis .   a - +0 hand axe
rCold    . . .     Gourm    .   (no shield)
rNeg     . . .     Faith    .   j - +1 robe {MR+}
rPois    .         Spirit   .   m - +0 helmet
rElec    .         Reflect  .   (no cloak)
rCorr    .         Harm     .   (no gloves)
MR       +....                  (no boots)
Stlth    +.........             (no amulet)
HPRegen  0.09/turn              (no ring)
MPRegen  0.08/turn              (no ring)

@: berserk cooldown, slowed, very slow
A: icy blue scales 1, fire resistance 1
a: Berserk, Trog's Hand, Burn Spellbooks, Renounce Religion


You were on level 2 of the Dungeon.
You worshipped Trog.
Trog was pleased with you.
You were very hungry.

You visited 1 branch of the dungeon, and saw 2 of its levels.

You collected 53 gold pieces.

Inventory:

Hand Weapons
 a - a +0 hand axe (weapon)
Armour
 b - a +0 animal skin
 j - a +1 robe of magic resistance (worn)
 m - a +0 helmet (worn)
 p - a +0 robe
Scrolls
 f - 2 scrolls of remove curse {unknown}
 g - a scroll of random uselessness {unknown}
 h - a scroll of enchant weapon {unknown}
 i - a scroll of fog {unknown}
 k - 5 scrolls of identify {unknown}
 n - a scroll of teleportation {unknown}
Potions
 e - 2 potions of curing {unknown}
 l - a potion of heal wounds {unknown}
 o - a potion of flight {unknown}
Comestibles
 c - 2 rations
 d - 5 chunks of flesh


   Skills:
 + Level 3.6 Fighting
 + Level 3.7 Axes
 + Level 1.8 Armour
 + Level 2.1 Dodging


You had 2 spell levels left.
You didn't know any spells.

Dungeon Overview and Level Annotations

Branches:
Dungeon (2/15)

Altars:

Annotations:
D:2 Sigmund


Innate Abilities, Weirdness & Mutations

You are partially covered in icy blue scales. (AC +2)
Your flesh is heat resistant. (rF+)


Message History

a jackal corpse; a rat corpse The bat closely misses you.
The bat closely misses you. The bat closely misses you.
The bat hits you but does no damage. The bat misses you.
Something hits you but does no damage. The bat hits you but does no damage. x2
A rat comes into view.
The bat hits you but does no damage. The bat misses you.
The bat hits you but does no damage. The bat barely misses you.
The bat misses you. The bat hits you but does no damage. Something hits you.
You barely miss the bat. The bat hits you. The bat hits you but does no damage.
The bat misses you. Something hits you!
* * * LOW HITPOINT WARNING * * *
You slash the bat!
You kill the bat!
Trog accepts your kill. The bat misses you. The bat closely misses you.
The rat misses you. Something hits you.
You die...

## #......# ... #### #......#
.. #.##..# #####..# ..
.....### #..##### #. ##.....##
##.<..÷..
#.######.......###....####
#..................#..## #
###.................##...###
###..........@r......####.....
#.....##.....b...............#
#.##..††....##...##..####..#.#
.#>.....#.#.#####.......
#....# ..........#.#
#.........>..## .........##.#
.............. .#.....#.##.#
...........##. #...........
......... .. #.....#..... ....


You could see a bat and a rat.

Vanquished Creatures
  An adder (D:2)
  An ooze (D:1)
  A worm (D:2)
  A dart slug (D:1)
  3 leopard geckos
  A ball python (D:1)
  2 giant cockroaches
  3 goblins (D:1)
  3 hobgoblins
  4 jackals (D:2)
  7 kobolds (D:1)
  5 bats
  4 frilled lizards
  5 rats
41 creatures vanquished.

Notes
Turn   | Place    | Note
-------+----------+-------------------------------------------
     0 | D:1      | Mirai the Demonspawn Berserker began the quest for the Orb.
     0 | D:1      | Reached XP level 1. HP: 18/18 MP: 1/1
   181 | D:1      | Gained mutation: You are partially covered in icy blue scales. (AC +2) [demonic ancestry]
   181 | D:1      | Reached XP level 2. HP: 17/24 MP: 2/2
   632 | D:1      | Gained mutation: Your flesh is heat resistant. (rF+) [demonic ancestry]
   632 | D:1      | Reached XP level 3. HP: 23/29 MP: 3/3
   634 | D:1      | Reached ** piety under Trog
   885 | D:2      | Noticed Sigmund
   905 | D:2      | Slain by Sigmund

Skill      XL: |  1  2 |
---------------+-------+-----
Axes           | 3 |  3.7
Dodging        | 2 |  2.1
Fighting       | |  3.6
Armour         | |  1.8

Action                   || total
-------------------------++-------
Melee: Hand axe          ||    99
Invok: Berserk           ||     1
Armor: Animal skin       ||    14
       Robe              ||    40
Dodge: Dodged            ||    97
